Map: [ESL] Moondance

Players

Spirit

  • Race: Terran Terran
  • Spawn Location: 12:00

ShoWTimE - Winner!

  • Race: Protoss Protoss
  • Spawn Location: 6:00

Event: DreamHack SC2 Masters 2022 Valencia

VOD

Have the link to the VOD?

Description

Time

  • Played on: July 1, 2022, 2:18 p.m.
  • Length: 28:08

All games in this series

Show
View Real Time Build Order
Export as new Build Order

Spirit Terran 

Build Orders:  

Get SALT Encoding   

  12  0:00  SCV  
  13  0:13  SCV  
  14  0:18  Supply Depot  
  14  0:26  SCV  
  15  0:40  Barracks  
  15  0:51  Barracks  
  15  0:54  SCV  
  16  1:06  SCV  
  16  1:07  Refinery  
  17  1:18  SCV  
  18  1:27  Marine  
  18  1:31  Orbital Command  
  19  1:35  Supply Depot  
  19  1:37  Marine  
  20  1:45  Marine  
  21  1:55  Marine  
  21  1:58  SCV  
  23  2:03  Marine  
  24  2:08  Bunker  
  24  2:10  SCV  
  24  2:13  Marine  
  26  2:21  Marine  
  26  2:22  SCV  
  28  2:25  Factory  
  26  2:37  SCV  
  26  2:49  SCV  
  24  2:57  Command Center  
  23  3:01  SCV  
  23  3:08  Supply Depot, Widow Mine  
  23  3:11  Starport  
  25  3:14  SCV  
  25  3:19  Refinery  
  26  3:26  SCV  
  26  3:30  Widow Mine  
  27  3:38  SCV  
  27  3:39  Supply Depot  
  27  3:48  Medivac  
  27  3:50  SCV  
  27  3:51  Widow Mine  
  30  4:02  SCV  
  29  4:09  Barracks Reactor  
  29  4:12  Barracks Tech Lab  
  29  4:14  SCV  
  29  4:15  Orbital Command  
  30  4:26  SCV  
  30  4:30  Marine, Stimpack  
  32  4:38  SCV  
  32  4:40  Orbital Command  
  33  4:45  Bunker  
  33  4:46  Starport Reactor, Factory Reactor, Marine x2  
  33  4:50  SCV, Marine  
  37  5:02  SCV  
  37  5:04  Marine x2  
  40  5:07  Marine  
  40  5:08  SCV  
  42  5:15  SCV  
  42  5:20  SCV  
  42  5:22  Marine x2  
  42  5:25  Medivac  
  42  5:27  SCV  
  47  5:31  Armory, Widow Mine  
  47  5:32  SCV, Widow Mine  
  50  5:39  SCV, Supply Depot  
  50  5:40  Marine  
  53  5:44  Marauder  
  54  5:51  SCV, Supply Depot  
  54  5:54  Bunker  
  55  5:59  Marine  
  55  6:02  SCV  
  57  6:05  Marauder  
  57  6:06  SCV  
  57  6:10  Engineering Bay  
  60  6:14  SCV  
  60  6:16  Marine  
  62  6:18  SCV  
  62  6:19  Marine  
  62  6:26  SCV  
  62  6:29  Marine  
  62  6:30  SCV  
  63  6:34  Marine  
  63  6:36  Marine  
  63  6:38  SCV  
  64  6:42  SCV  
  65  6:47  Marauder, Command Center  
  65  6:49  Combat Shield  
  65  6:50  SCV  
  66  6:56  Terran Infantry Weapons Level 1  
  66  6:57  Refinery x2  
  66  6:59  Factory Tech Lab  
  66  7:01  SCV, Missile Turret  
  66  7:05  Marine  
  66  7:07  SCV  
  66  7:08  Medivac  
  69  7:09  Marauder  
  69  7:10  Medivac  
  73  7:18  Supply Depot  
  73  7:19  SCV  
  73  7:20  Supply Depot, Marine  
  75  7:26  Siege Tank  
  66  7:30  Marauder  
  66  7:32  Marine  
  66  7:34  SCV  
  66  7:35  SCV  
  65  7:44  Marine  
  65  7:46  SCV  
  65  7:47  SCV  
  68  7:51  Marauder  
  68  7:58  SCV, Siege Tank  
  73  7:59  Orbital Command  
  73  8:01  Barracks  
  73  8:04  SCV  
  75  8:06  Barracks  
  75  8:09  Barracks  
  75  8:10  SCV  
  78  8:13  Marine, Marauder  
  78  8:16  SCV  
  80  8:20  Marine  
  80  8:22  SCV  
  80  8:24  Orbital Command  
  80  8:25  Supply Depot  
  82  8:30  Siege Tank  
  82  8:32  SCV  
  88  8:34  SCV, Marauder  
  89  8:41  Bunker  
  89  8:42  Bunker  
  89  8:44  SCV  
  89  8:46  Bunker  
  89  8:47  SCV  
  91  8:51  SCV  
  91  8:54  Barracks Tech Lab  
  94  8:55  Marauder  
  94  8:56  SCV, Terran Infantry Armor Level 1  
  94  8:59  SCV  
  94  9:02  Siege Tank  
  99  9:04  Supply Depot  
  99  9:07  Viking  
  99  9:08  Medivac  
  104  9:13  Supply Depot  
  104  9:14  Refinery x2, Supply Depot  
  104  9:16  Barracks Tech Lab  
  105  9:19  Command Center  
  105  9:22  SCV  
  105  9:25  Supply Depot  
  105  9:26  Marine  
  105  9:27  Marauder  
  105  9:30  SCV x2, Ghost Academy  
  105  9:31  Concussive Shells  
  109  9:33  Marine  
  109  9:38  Supply Depot  
  110  9:39  Supply Depot  
  110  9:42  Siege Tank  
  113  9:49  SCV x2  
  113  9:51  SCV  
  113  9:52  Missile Turret, Sensor Tower  
  124  10:02  Ghost x3  
  124  10:04  Marine x4  
  126  10:08  Terran Vehicle Weapons Level 1  
  126  10:09  Enhanced Shockwaves  
  126  10:15  Supply Depot  
  126  10:16  Supply Depot  
  126  10:22  Marine x4  
  126  10:24  Siege Tank  
  133  10:30  Marine  
  133  10:31  Marine x2  
  136  10:38  Orbital Command, Supply Depot  
  136  10:39  SCV x3, Supply Depot  
  136  10:40  Marine  
  140  10:43  Refinery  
  140  10:49  Terran Infantry Weapons Level 2, Marauder x2  
  144  10:51  SCV x3  
  144  10:52  Engineering Bay  
  144  10:54  Marauder  
  144  10:55  Marine  
  144  10:56  Siege Tank  
  153  11:01  Armory  
  153  11:03  SCV  
  154  11:04  SCV, Starport  
  154  11:07  Viking  
  154  11:09  Viking  
  159  11:16  Marine, Marauder  
  162  11:20  Marine  
  162  11:23  Marine  
  163  11:26  Marine  
  163  11:28  Siege Tank, Marine  
  159  11:35  Marine, Marauder  
  159  11:39  Marine  
  165  11:40  Marauder  
  165  11:44  Marine  
  165  11:45  SCV x3  
  167  11:53  Viking x2  
  171  11:56  Refinery  
  171  11:58  SCV  
  171  12:00  SCV, Siege Tank  
  176  12:01  Command Center  
  176  12:04  Terran Infantry Armor Level 2  
  176  12:07  SCV  
  177  12:12  SCV x2  
  177  12:13  SCV, Missile Turret  
  177  12:14  Sensor Tower  
  180  12:16  Starport Reactor  
  180  12:19  Terran Ship Weapons Level 1  
  180  12:21  SCV  
  180  12:22  Armory  
  181  12:23  Ghost  
  181  12:29  SCV  
  185  12:30  SCV x2  
  185  12:33  SCV, Siege Tank, Marine  
  185  12:34  Marine, Marauder x2  
  196  12:42  SCV  
  198  12:45  Missile Turret  
  198  12:47  Viking  
  199  13:01  Personal Cloaking, Command Center  
  199  13:02  Command Center  
  199  13:06  Missile Turret  
  199  13:17  Marine  
  198  13:22  Ghost  
  200  13:34  Starport  
  200  13:35  Starport  
  200  13:36  Starport  
  200  13:37  Refinery  
  200  13:39  Refinery  
  198  13:43  Marauder  
  198  13:44  Missile Turret, Sensor Tower  
  192  13:59  Siege Tank  
  192  14:00  Ghost, Marine  
  174  14:05  Marine x5  
  174  14:06  Viking  
  174  14:07  Viking, Planetary Fortress  
  175  14:18  Marine  
  175  14:23  Marine x5  
  181  14:26  Orbital Command  
  181  14:27  Nuke  
  181  14:29  Viking x2, Marine  
  180  14:32  SCV x2, Siege Tank  
  180  14:35  SCV  
  180  14:36  Viking, Marine  
  180  14:37  Viking  
  176  14:41  Marine x5  
  176  14:44  Orbital Command x2  
  181  14:46  Marine  
  181  14:47  SCV  
  181  14:50  SCV  
  184  14:53  SCV  
  184  14:54  Marine  
  184  14:58  Marine x2  
  184  14:59  Terran Ship Weapons Level 2, SCV  
  190  15:02  Armory  
  190  15:05  SCV  
  190  15:06  Viking  
  192  15:07  Viking  
  194  15:17  SCV  
  194  15:19  Viking x2  
  199  15:23  Refinery  
  199  15:30  Refinery  
  199  15:48  Viking  
  199  16:02  Viking  
  191  16:05  Viking  
  191  16:06  Viking x2  
  197  16:18  Viking  
  199  16:19  Command Center  
  199  16:28  Terran Vehicle And Ship Armor Level 1  
  199  16:32  Command Center  
  199  16:35  Terran Infantry Armor Level 3, Terran Infantry Weapons Level 3  
  199  16:43  Nuke  
  199  16:48  Barracks  
  199  16:49  Barracks  
  199  16:50  Barracks, Fusion Core  
  199  16:59  Viking x2  
  198  17:23  Command Center  
  198  17:27  Terran Ship Weapons Level 3  
  198  17:29  Viking, Starport Tech Lab x3  
  187  17:48  Command Center  
  199  17:51  Battlecruiser x2  
  199  17:52  Weapon Refit  
  199  17:53  Barracks Tech Lab x3  
  199  17:55  Orbital Command  
  199  18:00  Command Center  
  196  18:32  Viking x2, Battlecruiser  
  192  18:42  Starport  
  192  18:45  Nuke, Starport  
  192  18:46  Terran Vehicle And Ship Armor Level 2, Starport  
  192  18:55  Viking, Battlecruiser  
  200  19:19  Command Center  
  200  19:21  Starport Tech Lab  
  200  19:22  Starport Tech Lab x2  
  200  19:27  Refinery  
  197  19:32  Ghost x2  
  197  19:41  Missile Turret  
  197  19:44  Sensor Tower  
  197  19:45  Battlecruiser  
  200  19:46  Missile Turret  
  200  19:52  Missile Turret  
  198  20:12  Viking x2, Battlecruiser  
  189  20:33  Battlecruiser  
  152  20:49  Battlecruiser  
  146  21:04  Viking x2  
  146  21:05  Marine x4  
  146  21:06  Marauder x6  
  164  21:16  Battlecruiser  
  154  21:23  Marine x4  
  151  21:27  Marine x3, Marauder x3  
  145  21:33  Siege Tank  
  145  21:37  Battlecruiser  
  154  21:41  Marine x4  
  154  21:44  Marine  
  154  21:45  Marauder x2  
  159  21:48  Marine x3  
  159  21:53  SCV x4  
  167  21:55  Orbital Command  
  167  21:59  Marine  
  167  22:03  Refinery, Marine, Marauder  
  167  22:04  Marine  
  167  22:05  SCV, Siege Tank  
  167  22:06  Marauder x2  
  179  22:13  Marine  
  156  22:17  Marine, Marauder  
  156  22:18  Marine  
  156  22:20  Marauder  
  156  22:21  Marine  
  156  22:22  Marine  
  126  22:24  Marauder  
  126  22:27  Marine x2  
  122  22:37  Siege Tank  
  122  22:39  Orbital Command  
  109  22:53  Marine  
  109  22:54  Marine  
  109  22:55  Marine x8  
  111  23:10  Siege Tank  
  111  23:11  Marine  
  111  23:12  Marine x6  
  115  23:14  Marine  
  115  23:19  Marine, Medivac  
  125  23:22  Marauder  
  121  23:29  Marine  
  121  23:30  Marine x2  
  121  23:31  Marauder x2  
  128  23:41  Marine x4  
  128  23:43  Marine  
  128  23:47  Marine  
  131  23:49  Marine  
  131  23:52  Marauder  
  131  23:53  Missile Turret  
  131  23:55  Ghost  
  134  23:58  Marine  
  134  23:59  Marauder  
  134  24:00  Marine  
  140  24:07  Medivac  
  134  24:28  Orbital Command  
  134  24:30  Medivac  
  134  24:31  Marine, Marauder  
  126  24:32  Marine x4  
  126  24:35  SCV x3  
  130  24:39  Marine  
  124  24:47  SCV x3  
  127  24:53  SCV  
  127  24:57  Marine, Marauder  
  127  24:59  SCV x3  
  136  25:03  Siege Tank  
  136  25:05  SCV  
  138  25:07  Refinery  
  138  25:08  Ghost  
  138  25:11  SCV x2  
  142  25:15  Marine  
  142  25:19  Marine, Marauder x2  
  148  25:27  Marine  
  148  25:28  Marauder  
  151  25:32  SCV x2  
  153  25:35  Siege Tank  
  153  25:36  Marauder  
  153  25:38  Marine  
  153  25:40  Refinery x2  
  154  25:56  Marauder x3  
  159  25:59  Marine  
  160  26:08  Marine  
  159  26:12  Orbital Command, Medivac  
  159  26:15  Ghost  
  159  26:21  Marine  
  160  26:27  Marine  
  160  26:28  Marauder  
  160  26:33  Siege Tank  
  163  26:41  Marine  
  163  26:46  Marine  
  158  26:47  Marine  
  158  26:48  Marine  
  158  26:53  Marine  
  152  27:05  Siege Tank  
  152  27:09  Marine  
  152  27:10  Marine x4, Marauder  
  152  27:14  Marine  
  148  27:17  Marine  
  143  27:26  Marine  
  143  27:27  Marauder  
  144  27:30  Ghost  
  144  27:33  Marine  
  144  27:35  Marine  
  148  27:38  Marauder  
  147  27:46  Marine  
  147  27:49  Marine  
Show
View Real Time Build Order
Export as new Build Order

ShoWTimE Protoss - Winner!

Build Orders: Blink Stalkers, Carriers 

Get SALT Encoding   

  12  0:00  Probe  
  13  0:12  Probe  
  14  0:18  Pylon  
  14  0:24  Probe (Chrono Boost)  
  15  0:36  Probe (Chrono Boost)  
  15  0:37  Gateway  
  16  0:45  Probe (Chrono Boost), Assimilator  
  17  0:51  Probe  
  18  1:03  Probe  
  19  1:15  Probe  
  20  1:24  Cybernetics Core  
  20  1:25  Zealot (Chrono Boost)  
  20  1:29  Pylon  
  20  1:30  Probe  
  23  1:47  Zealot (Chrono Boost)  
  26  2:03  Shield Battery  
  26  2:05  Probe  
  26  2:11  Stalker (Chrono Boost)  
  28  2:17  Probe  
  29  2:29  Probe  
  28  2:34  Stalker  
  26  2:40  Nexus  
  25  2:49  Probe  
  26  2:51  Warp Gate  
  26  3:01  Probe  
  26  3:04  Assimilator  
  27  3:13  Probe  
  27  3:15  Twilight Council  
  28  3:25  Probe  
  28  3:37  Probe  
  28  3:40  Gateway  
  27  3:50  Probe  
  27  3:55  Probe  
  29  3:57  Blink (Chrono Boost)  
  29  4:02  Probe  
  30  4:07  Probe  
  31  4:10  Robotics Facility  
  31  4:14  Probe  
  32  4:18  Gateway  
  32  4:20  Probe  
  33  4:26  Probe  
  33  4:30  Pylon  
  34  4:32  Probe  
  34  4:38  Probe  
  36  4:43  Stalker  
  36  4:44  Probe  
  39  4:50  Probe  
  39  4:51  Stalker  
  42  4:56  Probe  
  42  4:57  Observer  
  44  5:02  Probe  
  45  5:08  Pylon, Probe  
  43  5:14  Probe  
  43  5:18  Stalker  
  43  5:20  Probe  
  43  5:26  Probe  
  44  5:33  Probe  
  45  5:38  Probe  
  46  5:45  Probe  
  46  5:48  Nexus  
  47  5:51  Probe  
  49  5:57  Stalker x2  
  49  5:59  Probe (Chrono Boost)  
  49  6:03  Probe (Chrono Boost)  
  54  6:05  Observer  
  54  6:08  Pylon  
  54  6:11  Stalker  
  58  6:13  Probe (Chrono Boost)  
  58  6:14  Probe (Chrono Boost)  
  58  6:17  Assimilator  
  58  6:18  Probe (Chrono Boost)  
  59  6:21  Probe  
  60  6:29  Probe  
  60  6:31  Observer  
  62  6:33  Probe  
  63  6:41  Probe  
  63  6:44  Stalker x2  
  66  6:50  Pylon, Probe  
  66  6:52  Assimilator  
  67  6:56  Robotics Bay  
  67  6:57  Probe  
  67  7:00  Probe  
  69  7:02  Probe  
  69  7:05  Charge  
  70  7:09  Probe  
  72  7:16  Pylon  
  72  7:19  Stalker x2  
  72  7:23  Zealot  
  72  7:25  Probe (Chrono Boost)  
  72  7:29  Probe (Chrono Boost)  
  71  7:30  Probe (Chrono Boost)  
  71  7:37  Probe (Chrono Boost)  
  71  7:40  Probe (Chrono Boost)  
  71  7:41  Probe (Chrono Boost)  
  71  7:42  Colossus (Chrono Boost)  
  71  7:44  Probe (Chrono Boost)  
  74  7:45  Probe (Chrono Boost)  
  74  7:46  Probe (Chrono Boost)  
  74  7:51  Probe  
  82  7:55  Probe  
  82  7:56  Probe  
  82  7:57  Forge  
  84  8:03  Shield Battery  
  84  8:04  Probe (Chrono Boost)  
  85  8:07  Probe (Chrono Boost)  
  85  8:08  Sentry, Probe (Chrono Boost)  
  89  8:13  Pylon  
  89  8:19  Probe (Chrono Boost)  
  92  8:20  Probe (Chrono Boost)  
  92  8:21  Pylon, Probe (Chrono Boost)  
  92  8:24  Probe (Chrono Boost)  
  92  8:25  Colossus (Chrono Boost), Phoenix, Probe (Chrono Boost)  
  94  8:27  Probe  
  94  8:33  Probe  
  102  8:34  Protoss Ground Weapons Level 1 (Chrono Boost), Probe  
  102  8:39  Probe  
  102  8:40  Assimilator  
  104  8:43  Extended Thermal Lance (Chrono Boost)  
  104  8:44  Assimilator  
  104  8:45  Probe  
  105  8:49  Sentry  
  105  8:52  Sentry  
  105  8:53  Pylon  
  109  8:59  Nexus  
  109  9:02  Pylon  
  109  9:04  Probe x2  
  109  9:05  Probe  
  109  9:09  Colossus (Chrono Boost)  
  112  9:13  Pylon  
  112  9:16  Probe  
  119  9:19  Probe x2  
  121  9:25  Phoenix  
  121  9:27  Gateway x2  
  121  9:28  Probe, Forge  
  122  9:34  Gateway  
  122  9:40  Gateway x2  
  122  9:45  Probe x3  
  125  9:50  Photon Cannon  
  125  9:56  Protoss Ground Armor Level 1 (Chrono Boost), Zealot x2  
  125  9:57  Probe, Warp Prism (Chrono Boost)  
  132  10:07  Probe x2  
  132  10:09  Probe  
  132  10:12  Probe  
  136  10:14  Stargate  
  136  10:16  Gravitic Drive  
  136  10:23  Assimilator  
  136  10:24  Zealot x5  
  146  10:29  Protoss Air Weapons Level 1  
  146  10:34  Zealot x3  
  152  10:44  Pylon  
  152  10:46  Pylon  
  152  10:47  Pylon  
  152  10:57  Zealot x2  
  152  10:58  Protoss Ground Weapons Level 2 (Chrono Boost)  
  152  11:02  Nexus, Templar Archives  
  152  11:03  Pylon  
  156  11:04  Zealot x4  
  164  11:19  Fleet Beacon  
  164  11:21  Stargate  
  164  11:24  Zealot x2  
  164  11:25  Zealot x2  
  168  11:26  Stargate  
  164  11:35  Warp Prism (Chrono Boost)  
  164  11:45  Probe x2, Assimilator  
  164  11:46  Oracle (Chrono Boost)  
  164  11:47  Probe  
  153  11:50  Assimilator  
  153  11:52  Protoss Shields Level 1 (Chrono Boost)  
  153  11:53  Photon Cannon  
  154  11:55  Pylon  
  154  11:57  High Templar x4  
  154  11:58  Zealot x4  
  170  12:02  Archon x2  
  170  12:07  Carrier (Chrono Boost)  
  176  12:12  Carrier (Chrono Boost)  
  182  12:17  Disruptor (Chrono Boost)  
  185  12:25  Carrier (Chrono Boost)  
  185  12:26  Robotics Facility  
  191  12:30  Shield Battery  
  188  12:40  Psionic Storm  
  188  12:50  Zealot x4  
  196  12:52  Disruptor, Protoss Air Weapons Level 2 (Chrono Boost)  
  195  13:06  Gateway  
  195  13:09  Gateway  
  185  13:17  Carrier (Chrono Boost)  
  191  13:22  Disruptor  
  191  13:23  Carrier (Chrono Boost)  
  194  13:31  Photon Cannon  
  194  13:32  Photon Cannon  
  194  13:33  High Templar  
  196  13:34  Shield Battery  
  196  13:40  Shield Battery  
  196  13:42  Pylon  
  196  13:51  Carrier  
  196  13:52  Zealot x3  
  193  14:01  Zealot x3  
  193  14:02  Zealot  
  180  14:07  Zealot  
  180  14:09  Zealot x2  
  172  14:12  Colossus x2  
  181  14:23  Pylon  
  177  14:24  Stalker x2  
  177  14:25  Pylon  
  179  14:34  Observer  
  179  14:35  Observer  
  179  14:36  Pylon  
  179  14:38  Nexus  
  171  14:41  Protoss Ground Armor Level 2 (Chrono Boost)  
  171  14:43  High Templar x4  
  175  14:46  Archon  
  175  14:47  Archon  
  175  14:52  High Templar x3  
  177  14:55  Carrier  
  187  15:07  Pylon  
  187  15:11  Stalker x3  
  193  15:17  Stalker x3  
  193  15:18  Observer  
  199  15:23  Protoss Ground Weapons Level 3 (Chrono Boost)  
  199  15:28  Observer (Chrono Boost)  
  200  15:32  Pylon  
  198  15:36  Assimilator  
  198  15:40  Observer (Chrono Boost)  
  199  15:48  Photon Cannon  
  199  15:49  Observer  
  185  16:05  Tempest x3  
  200  16:20  Gravitic Boosters (Chrono Boost)  
  200  16:21  Photon Cannon  
  200  16:23  Shield Battery  
  198  16:34  Protoss Air Weapons Level 3 (Chrono Boost), Zealot  
  200  16:49  Nexus  
  200  16:50  Pylon  
  200  16:53  Photon Cannon  
  200  16:54  Pylon  
  200  16:55  Shield Battery  
  200  16:57  Protoss Ground Armor Level 3 (Chrono Boost)  
  200  17:10  Dark Shrine  
  200  17:13  Gateway  
  200  17:15  Gateway  
  200  17:23  Photon Cannon  
  200  17:25  Photon Cannon  
  200  17:26  Shield Battery  
  200  17:38  Pylon  
  200  17:43  Observer  
  199  17:53  Pylon  
  199  17:55  Photon Cannon  
  199  18:04  Protoss Shields Level 2 (Chrono Boost)  
  199  18:10  Tempest  
  199  18:11  Observer  
  198  18:21  Shadow Stride (Chrono Boost)  
  192  18:38  Oracle (Chrono Boost)  
  195  18:48  Photon Cannon  
  195  18:51  Assimilator  
  195  18:53  Assimilator  
  195  18:56  Robotics Facility  
  195  18:59  Oracle (Chrono Boost)  
  198  19:08  Dark Templar  
  200  19:35  Gateway  
  200  19:37  Gateway  
  200  19:41  Gateway  
  200  19:43  Gateway  
  198  20:04  Oracle  
  198  20:06  Stalker x2  
  199  20:11  Nexus  
  199  20:12  Pylon  
  189  20:14  Stalker x2  
  189  20:18  Stalker x4  
  191  20:31  Stalker  
  191  20:32  Stalker x3  
  191  20:42  Stalker x10  
  181  20:43  Disruptor x2 (Chrono Boost)  
  181  20:45  Disruptor (Chrono Boost)  
  190  20:52  Probe x4  
  190  20:53  Probe  
  185  21:10  Disruptor x2 (Chrono Boost)  
  183  21:12  Disruptor  
  177  21:19  Stalker x11  
  185  21:32  Stalker x3  
  176  21:33  Probe x4  
  176  21:36  Probe  
  179  21:44  Disruptor  
  174  21:48  Dark Templar x6  
  174  21:49  Dark Templar x5  
  174  21:52  Probe  
  174  21:53  Probe  
  198  21:56  Protoss Shields Level 3 (Chrono Boost), Dark Templar  
  146  22:26  Stalker x13  
  146  22:28  Probe x4  
  165  22:31  Probe  
  165  22:33  Disruptor (Chrono Boost)  
  155  22:41  Stalker  
  155  22:42  Probe  
  155  22:43  Probe  
  159  22:45  Probe  
  159  22:47  Probe  
  159  22:49  Disruptor (Chrono Boost), Probe x2  
  136  22:59  Probe  
  136  23:00  Disruptor (Chrono Boost)  
  136  23:01  Probe x2  
  136  23:03  High Templar  
  136  23:05  Stalker  
  143  23:11  Stalker x2  
  145  23:13  Probe  
  145  23:15  Probe  
  145  23:16  Probe  
  145  23:19  Probe  
  145  23:21  Stalker x3  
  145  23:23  Probe  
  145  23:24  Probe  
  150  23:30  Stalker x2  
  150  23:32  Probe  
  150  23:34  Probe  
  137  23:35  Probe  
  137  23:39  Probe x2  
  138  23:43  Probe  
  138  23:44  Probe  
  137  23:49  Dark Templar  
  137  23:54  Stalker  
  137  23:55  Stalker  
  141  24:00  Probe  
  139  24:03  Probe x2  
  139  24:04  Probe  
  139  24:05  Observer x3  
  145  24:11  Assimilator  
  145  24:22  Pylon  
  140  24:26  Stalker x2, Observer (Chrono Boost)  
  140  24:27  Stalker  
  140  24:31  High Templar  
  133  24:36  Zealot  
  134  24:40  Probe x3  
  134  24:42  High Templar  
  137  24:52  High Templar, Assimilator  
  139  24:57  Disruptor (Chrono Boost)  
  142  25:06  Zealot x2  
  142  25:07  Zealot x2  
  148  25:14  Zealot x2  
  148  25:16  High Templar  
  148  25:21  Disruptor (Chrono Boost)  
  157  25:28  Zealot x3  
  163  25:38  Disruptor (Chrono Boost)  
  166  25:50  Nexus  
  166  25:55  Stalker x2  
  170  26:00  Disruptor  
  173  26:04  Shield Battery  
  169  26:13  High Templar  
  169  26:17  Disruptor  
  172  26:24  Observer  
  170  26:29  Zealot x6  
  170  26:30  Zealot  
  184  26:35  Observer  
  182  26:42  Stalker x3  
  188  26:48  Stalker x2  
  188  26:53  Stalker  
  189  26:58  Observer  
  189  27:00  Zealot x3  
  162  27:15  Stalker x3  
  162  27:16  Zealot  
  168  27:25  Zealot x2  
  172  27:30  Zealot x2  
  176  27:43  Zealot x4  
  172  27:51  Zealot x3  
  162  28:02  Archon  
  162  28:04  Zealot x5  

Tags
 
Add a new tag
Caveats
  • Supply blocks, unpowered buildings, or Contaminate may cause inaccurate times.
  • Supply counts are checked every 10 seconds.